 Dungeon Crawl Stone Soup version 0.30-a0-364-gf6b3ef1049 (webtiles) character file.

Game seed: 18235568778450629369

111 Engwar the Conjurer (level 4, 0/27 HPs)
             Began as a Tengu Reaver on Nov 16, 2022.
             Slain by a gnoll
             ... wielding a +0 spear
              (2 damage)
             ... on level 2 of the Dungeon.
             The game lasted 00:03:47 (1204 turns).

Engwar the Conjurer (Tengu Reaver)                  Turns: 1204, Time: 00:03:48

Health: 0/27       AC:  3    Str: 12    XL:     4   Next: 92%
Magic:  8/8        EV: 12    Int: 16    God:
Gold:   62         SH:  0    Dex: 12    Spells: 4/7 levels left

rFire   + . .      SeeInvis .    a - +0 spear
rCold   . . .      Faith    .    (no shield)
rNeg    . . .      Spirit   .    b - +0 leather armour
rPois   .          Reflect  .    (helmet restricted)
rElec   .          Harm     .    (no cloak)
rCorr   .          Rampage  .    (no gloves)
Will    .....                    (boots unavailable)
Stlth   +.........               (no amulet)
HPRegen 0.24/turn                f - ring of protection from fire
MPRegen 0.11/turn                (no ring)

@: no status effects
A: beak, talons 3
a: no special abilities


You were on level 2 of the Dungeon.
You visited 1 branch of the dungeon, and saw 2 of its levels.

You collected 62 gold pieces.

Inventory:

Hand Weapons
 a - a +0 spear (weapon)
Missiles
 d - a throwing net
Armour
 b - a +0 leather armour (worn)
Jewellery
 f - a ring of protection from fire (left hand)
 m - a ring of fire
Scrolls
 c - 4 scrolls of identify {unknown}
 e - a scroll of enchant weapon {unknown}
 h - a scroll of enchant armour {unknown}
 i - a scroll of fog {unknown}
 j - a scroll of torment {unknown}
 k - 2 scrolls of brand weapon {unknown}
 l - a scroll of vulnerability {unknown}
 n - a scroll of fear {unknown}
Potions
 g - a potion of lignification {unknown}


   Skills:
 + Level 2.7 Fighting
 * Level 4.5 Polearms
 - Level 2.3 Dodging
 + Level 1.5 Stealth
 - Level 2.0 Spellcasting
 + Level 4.8 Conjurations


You had 4 spell levels left.
You knew the following spells:

 Your Spells              Type           Power      Damage    Failure   Level
a - Kiss of Death         Conj/Necr      36%        2d8       10%         1
b - Momentum Strike       Conj/Tloc      18%        3d8       14%         2

Your spell library contained the following spells:

 Spells                   Type           Power      Damage    Failure   Level
 Hailstorm                Conj/Ice       9%         3d4       28%         3


Dungeon Overview and Level Annotations

Branches:
Dungeon (2/15)

Altars:

Annotations:
D:2 Robin, Sigmund


Innate Abilities, Weirdness & Mutations

You have a beak for a mouth.
You have claws for feet.


Message History

Your peck misses the endoplasm.
The endoplasm is severely wounded.
The endoplasm freezes you.
You are frozen.
The gnoll hits you from afar with a +0 spear.
You are too injured to fight recklessly!
You are too injured to fight recklessly!
You are too injured to fight recklessly!
You are too injured to fight recklessly!
You are too injured to fight recklessly!
Items here: ( ) ††.
The endoplasm attacks as you move away!
The endoplasm hits you but does no damage.
The endoplasm attacks as you move away! The endoplasm barely misses you.
You hit the endoplasm but do no damage.
The endoplasm is severely wounded.
You hit the endoplasm but do no damage.
The endoplasm is severely wounded.
The endoplasm freezes you.
You are frozen.
The gnoll closely misses you.
You hit the endoplasm.
You kill the endoplasm!
The gnoll barely misses you. The gnoll hits you with a +0 spear.
You barely miss the gnoll. Your kick misses the gnoll.
Your peck misses the gnoll.
The gnoll is lightly wounded.
The gnoll hits you but does no damage.
You hit the gnoll.
The gnoll is moderately wounded.
The gnoll hits you with a +0 spear!
* * * LOW HITPOINT WARNING * * *
You hit the gnoll. You claw the gnoll.
The gnoll is severely wounded.
The gnoll hits you with a +0 spear.
* * * LOW HITPOINT WARNING * * *
You closely miss the gnoll. Your kick misses the gnoll.
The gnoll is severely wounded.
The gnoll hits you with a +0 spear.
You die...

#.##. #.##..### #.... ... ..#
#.##. #.##..## #.# .##^......
#.# .......... #.# #.........
####.###)#.......
##.##.....#.......
#...@g.)..........
##############.#####..##......
...............# #..# #..##
################ #..# ...
....).. #..# . .###### ...#
..# ##... #...... #### #######


You could see a gnoll.

Vanquished Creatures
  Jessica (D:2)
  An adder (D:2)
  2 gnolls
  A worm (D:2)
  A dart slug (D:1)
  4 endoplasms
  2 giant cockroaches (D:1)
  5 hobgoblins (D:1)
  4 kobolds
  5 quokkas
  5 ball pythons
  A bat (D:1)
  3 frilled lizards
  8 goblins
  7 rats
50 creatures vanquished.

Vanquished Creatures (others)
  A goblin (D:2)
1 creature vanquished.

Grand Total: 51 creatures vanquished

Notes
Turn   | Place    | Note
-------+----------+-------------------------------------------
     0 | D:1      | Engwar the Tengu Reaver began the quest for the Orb.
     0 | D:1      | Reached XP level 1. HP: 12/12 MP: 4/4
    31 | D:1      | Reached XP level 2. HP: 17/17 MP: 6/6
   222 | D:1      | Reached XP level 3. HP: 21/21 MP: 7/7
   347 | D:1      | Learned a level 2 spell: Momentum Strike
   593 | D:2      | Noticed Sigmund
   609 | D:2      | Noticed Jessica
   630 | D:2      | Killed Jessica
   631 | D:2      | Reached skill level 1 in Stealth
   631 | D:2      | Reached XP level 4. HP: 15/27 MP: 8/8
   921 | D:2      | Noticed Robin
  1204 | D:2      | Slain by a gnoll

Illustrated notes

Levels and vault maps discovered:
D:1:      dpeg_arrival_pond, layout_rooms
D:2:      layout_loops_ring, hangedman_decor_push, corner_web_ring,
          uniq_jessica, uniq_robin, uniq_sigmund

Skill      XL: |  1  2  3 |
---------------+----------+-----
Polearms       | 4 |  4.5
Stealth        | 1 |  1.5
Fighting       | |  2.7
Dodging        | |  2.3
Spellcasting   | |  2.0
Conjurations   | |  4.8

Action                   |  1- 3 |  4- 6 || total
-------------------------+-------+-------++-------
Melee: Spear             |    92 |    69 ||   161
       Kick              |    16 |    11 ||    27
       Peck              |     6 |     4 ||    10
       Punch             |     1 |       ||     1
 Stab: Sleeping          |     1 |     2 ||     3
       Distracted        |       |     2 ||     2
Armor: Leather armour    |    17 |    11 ||    28
Dodge: Dodged            |    33 |    35 ||    68

Table legend: (Time is in decaauts)
 A = Elapsed time spent in this place.
 B = Non-inter-level travel time spent in this place.
 C = Inter-level travel time spent in this place.
 D = Time resting spent in this place.
 E = Time spent auto-exploring this place.
 F = Levels seen in this place.
 G = Mean time per level.
                   A        B        C        D        E       F      G
               +--------+--------+--------+--------+--------+-----+--------+
         Total |   1189 |   1135 |     54 |     94 |    660 |   2 |  594.5 |
       Dungeon |   1189 |   1135 |     54 |     94 |    660 |   2 |  594.5 |
               +--------+--------+--------+--------+--------+-----+--------+

Top non-repeatable levels by time:
     D:1: 645 daAuts
     D:2: 544 daAuts
